Map: Cyber Forest LE

Players

Lambo - Winner!

  • Race: Zerg Zerg
  • Spawn Location: 11:00

Elazer

  • Race: Zerg Zerg
  • Spawn Location: 5:00

Event: IEM Season 13: Katowice (2019)

VOD

Have the link to the VOD?

Description

Time

  • Played on: Feb. 26, 2019, 1:47 p.m.
  • Length: 9:04

All games in this series

Show
View Real Time Build Order
Export as new Build Order

Lambo Zerg - Winner!

Build Orders: Pool First 

Get SALT Encoding   

  12  0:17  Spawning Pool  
  11  0:22  Drone  
  11  0:26  Drone  
  13  0:30  Drone  
  14  0:39  Overlord  
  14  0:59  Extractor  
  14  1:03  Zergling x4  
  15  1:05  Zergling x2  
  16  1:15  Zergling x2  
  17  1:22  Hatchery  
  16  1:27  Zergling x2  
  17  1:43  Queen  
  19  1:48  Zergling x2  
  20  1:55  Zergling x2  
  20  2:17  Metabolic Boost  
  20  2:19  Zergling x2  
  21  2:33  Overlord  
  21  2:34  Zergling x4  
  21  2:35  Zergling x2  
  24  2:49  Zergling x4  
  26  2:55  Zergling x2  
  26  2:56  Zergling x2  
  28  3:01  Zergling x6  
  31  3:06  Zergling x2  
  31  3:10  Zergling x2  
  33  3:17  Zergling x2  
  34  3:21  Zergling x2  
  34  3:25  Zergling x2  
  36  3:32  Overlord  
  35  3:45  Zergling x2  
  36  3:50  Zergling x6  
  36  3:51  Zergling x2  
  39  3:56  Zergling x2  
  39  4:00  Zergling x2  
  39  4:04  Zergling x2  
  37  4:10  Zergling x2  
  37  4:13  Zergling x2  
  37  4:18  Zergling x2  
  37  4:21  Zergling x2  
  33  4:27  Zergling x2  
  29  4:34  Zergling x2  
  29  4:37  Zergling x2  
  29  4:41  Zergling x2  
  29  4:42  Zergling x2  
  29  4:47  Zergling x2  
  29  4:54  Zergling x2  
  29  4:57  Zergling x2  
  28  5:01  Zergling x2  
  28  5:04  Zergling x2  
  29  5:09  Zergling x2  
  25  5:14  Zergling x2  
  24  5:24  Drone x2  
  24  5:32  Drone x2  
  24  5:34  Drone  
  26  5:41  Drone  
  26  5:42  Drone  
  25  5:54  Drone x3  
  28  6:00  Drone  
  28  6:03  Drone  
  30  6:10  Zergling x4  
  30  6:11  Zergling x4  
  34  6:13  Drone  
  35  6:24  Zergling x4  
  36  6:26  Queen, Drone  
  36  6:31  Overlord  
  39  6:36  Drone  
  39  6:39  Drone  
  41  6:40  Evolution Chamber  
  41  6:47  Drone x2  
  41  6:49  Drone  
  41  6:52  Drone  
  44  6:55  Drone  
  44  6:59  Drone  
  44  7:02  Drone  
  41  7:11  Drone  
  42  7:15  Zergling x6  
  42  7:19  Baneling Nest  
  42  7:21  Hatchery  
  42  7:22  Zergling x4  
  43  7:28  Zergling x2  
  44  7:32  Zergling x2  
  44  7:38  Zergling x2  
  44  7:43  Zergling x6  
  44  7:44  Zergling x2  
  49  7:49  Zergling x6  
  49  7:51  Roach Warren  
  51  7:53  Zergling x2  
  51  7:56  Extractor  
  51  7:57  Zergling x2  
  52  8:03  Overlord  
  52  8:06  Overlord  
  52  8:11  Baneling x6  
  52  8:12  Baneling x2  
  52  8:23  Zergling x14  
  57  8:42  Baneling x2  
Show
View Real Time Build Order
Export as new Build Order

Elazer Zerg 

Build Orders: Hatch First 

Get SALT Encoding   

  12  0:00  Drone  
  13  0:12  Overlord  
  13  0:17  Drone  
  14  0:30  Drone x2  
  16  0:48  Hatchery  
  15  0:51  Drone  
  15  0:54  Drone  
  17  0:57  Drone  
  18  1:08  Extractor  
  17  1:13  Spawning Pool  
  17  1:16  Drone  
  17  1:20  Drone  
  18  1:27  Drone  
  19  1:59  Queen x2  
  19  2:00  Zergling x8  
  27  2:15  Zergling x4  
  26  2:21  Drone  
  27  2:26  Drone  
  27  2:34  Drone  
  28  2:43  Overlord  
  28  3:02  Drone x4  
  32  3:07  Overlord  
  32  3:08  Drone  
  33  3:13  Queen  
  33  3:15  Drone  
  33  3:17  Evolution Chamber  
  35  3:22  Overlord, Drone  
  35  3:26  Drone  
  38  3:32  Evolution Chamber  
  38  3:33  Evolution Chamber  
  35  3:36  Zergling x4  
  35  3:39  Zergling x4  
  39  3:45  Spore Crawler  
  38  3:49  Evolution Chamber  
  38  3:51  Zergling x2  
  38  3:58  Evolution Chamber  
  38  3:59  Zergling x2  
  38  4:02  Evolution Chamber  
  37  4:04  Zergling x2  
  39  4:14  Queen  
  43  4:17  Queen  
  43  4:19  Zergling x6  
  43  4:23  Zergling x2  
  45  4:26  Zergling x4  
  45  4:30  Zergling x2  
  43  4:35  Zergling x2  
  36  4:43  Zergling x4  
  34  4:48  Zergling x2  
  34  4:51  Zergling x2  
  30  5:01  Zergling x2  
  30  5:11  Drone  
  28  5:17  Drone  
  28  5:25  Drone  
  28  5:27  Drone  
  29  5:31  Drone  
  24  5:47  Zergling x2  
  24  5:48  Zergling x4  
  26  5:55  Metabolic Boost  
  25  6:00  Drone  
  26  6:07  Drone  
  26  6:10  Drone  
  28  6:14  Drone  
  29  6:19  Drone  
  29  6:24  Drone x2  
  29  6:25  Drone  
  31  6:34  Zerg Melee Weapons Level 1  
  31  6:35  Drone  
  31  6:37  Zergling x2  
  33  6:50  Zergling x4  
  33  6:51  Queen  
  37  6:54  Zergling x4  
  37  7:01  Queen  
  35  7:04  Zergling x4  
  35  7:14  Zergling x2  
  35  7:17  Zergling x2  
  36  7:25  Zergling x2  
  36  7:29  Zergling x2  
  38  7:30  Hatchery  
  37  7:42  Drone x2  
  38  7:50  Baneling Nest  
  37  7:52  Drone  
  37  7:53  Drone  
  37  7:57  Drone  
  40  7:59  Drone  
  40  8:01  Drone x3  
  44  8:08  Zergling x2  
  44  8:11  Zergling x2  
  46  8:16  Zergling x6  
  49  8:21  Overlord  
  49  8:23  Zergling x2  
  50  8:33  Baneling x2  
  50  8:35  Zergling x4  

Tags
 
Add a new tag
Caveats
  • Supply blocks, unpowered buildings, or Contaminate may cause inaccurate times.
  • Supply counts are checked every 10 seconds.